 Dungeon Crawl Stone Soup version 0.29-a0-414-g5075937ec3 (webtiles) character file.

Game seed: 147751051297683597

135467 Majang the Fencer (level 17, -24/112 HPs)
             Began as a Tengu Berserker on May 14, 2022.
             Was the Champion of Trog.
             Annihilated by an emperor scorpion (32 damage)
             ... on level 3 of the Spider Nest on May 15, 2022.
             The game lasted 02:22:02 (29048 turns).

Majang the Fencer (Tengu Berserker)                Turns: 29048, Time: 02:22:03

Health: -24/112    AC: 27    Str: 21    XL:     17   Next: 19%
Magic:  18/18      EV: 18    Int:  7    God:    Trog [******]
Gold:   1385       SH:  5    Dex: 27    Spells: 16/16 levels left

rFire   . . .      SeeInvis .   a - +8 double sword (vamp)
rCold   . . .      Faith    .   (no shield)
rNeg    . . .      Spirit   .   x - +2 plate armour {rPois}
rPois   +          Reflect  +   V - +1 hat
rElec   .          Harm     .   v - +0 cloak {rCorr}
rCorr   +          Rampage  .   G - +0 pair of gloves
Will    +....                   (boots unavailable)
Stlth   +.........              n - amulet of reflection
HPRegen 0.28/turn               c - +4 ring of protection
MPRegen 0.16/turn               d - +6 ring of dexterity

@: lethally poisoned (-24 -> -27), flying quickly and evasively, quick
A: beak, talons 3, nimble flight, iridescent scales 1, strong 1, no potion heal
1
a: Renounce Religion, Berserk, Trog's Hand, Brothers in Arms


You were on level 3 of the Spider Nest.
You worshipped Trog.
Trog was exalted by your worship.
You visited 5 branches of the dungeon, and saw 28 of its levels.
You also visited: Bailey.

You collected 3170 gold pieces.
You spent 1785 gold pieces at shops.

Inventory:

Hand Weapons
 a - a +8 vampiric double sword (weapon)
 b - a +5 arbalest of freezing
 Q - a +7 great sword of flaming
 R - a +4 scimitar of freezing
Armour
 s - +1 fire dragon scales
 v - a +0 cloak of preservation (worn)
 x - a +2 plate armour of poison resistance (worn)
 G - a +0 pair of gloves (worn)
 O - +0 ice dragon scales
 S - a +4 troll leather armour
 V - a +1 hat (worn)
Jewellery
 c - a +4 ring of protection (left hand)
 d - a +6 ring of dexterity (right hand)
 m - a ring of ice
 n - an amulet of reflection (around neck)
 C - an amulet of guardian spirit
 E - a ring of fire
 F - a ring of see invisible
 T - a ring of resist corrosion
Wands
 l - a wand of flame (16)
 t - a wand of digging (13)
 z - a wand of mindburst (20)
 B - a wand of polymorph (12)
 J - a wand of iceblast (31)
 K - a wand of acid (22)
 N - a wand of paralysis (11)
Scrolls
 f - a scroll of enchant armour
 h - 9 scrolls of teleportation
 k - a scroll of blinking
 q - a scroll of brand weapon
 u - 11 scrolls of fog
 A - 4 scrolls of magic mapping
 H - 4 scrolls of poison
 L - 9 scrolls of fear
 U - 4 scrolls of immolation
Potions
 e - 7 potions of ambrosia
 g - 6 potions of curing
 i - 7 potions of haste
 j - 3 potions of cancellation
 o - 6 potions of might
 p - 12 potions of attraction
 r - 6 potions of resistance
 D - a potion of mutation
 M - a potion of invisibility
 P - a potion of lignification
Miscellaneous
 w - a box of beasts
 I - a condenser vane (inert)


   Skills:
 * Level 14.8 Fighting
 * Level 17.1 Long Blades
 * Level 10.6 Crossbows
 + Level 12.0 Armour
 + Level 11.9 Dodging
 - Level 10.0 Stealth
 + Level 10.7 Evocations


You had 16 spell levels left.
You didn't know any spells.
Your spell library was empty.

Dungeon Overview and Level Annotations

Branches:
Dungeon (15/15)            Temple (1/1) D:7            Lair (6/6) D:11
 Shoals (0/4) Lair:2       Spider (4/4) Lair:3        Slime (0/5) Lair:5
    Orc (2/2) D:9             Elf (0/3) Orc:2        Vaults (0/5) D:13
 Depths (0/4) D:15         Bailey (visited)

Altars:
Ashenzari
Cheibriados
Dithmenos
Elyvilon
Fedhas
Gozag
Hepliaklqana
Kikubaaqudgha
Makhleb
Nemelex Xobeh
Okawaru
Qazlal
Ru
Sif Muna
Trog
Uskayaw
Vehumet
Wu Jian
Xom
Yredelemnul
Zin
The Shining One
Beogh
Jiyva
Lugonu

Shops:
Orc:2 *(?(

Portals:
Abyss: Lair:6*
Ice
Cave: Spider:4

Annotations:
Lair:6 2 transporters, Waatremm's ghost, journeyman DDNe
Spider:4 exclusion: ice statue


Innate Abilities, Weirdness & Mutations

You have a beak for a mouth.
You have claws for feet.
Your magical nature lets you fly swiftly and evasively.
You are partially covered in iridescent scales. (AC +2)
Your muscles are strong. (Str +2)
Potions are less effective at restoring your health.


Message History

The emperor scorpion goes berserk!
The redback is engulfed in poison gas.
The redback is poisoned.
The wolf spider is engulfed in poison gas.
The wolf spider looks as sick as possible!
The wolf spider hits you! The wolf spider barely misses you.
The emperor scorpion stings you but does no damage.
The emperor scorpion claws you but does no damage.
The emperor scorpion misses you.
You fly upwards.
You feel very sick.
There is a stone staircase leading down here.
You slice the moth of wrath!!
You kill the moth of wrath!
Trog accepts your kill.
You feel sick. The wolf spider hits you!! The wolf spider bites you!
The emperor scorpion closely misses you.
The emperor scorpion completely misses you.
The emperor scorpion misses you.
You hit the wolf spider. Your peck misses the wolf spider.
The wolf spider is heavily wounded.
You feel sick. The wolf spider closely misses you.
The wolf spider barely misses you.
You block the emperor scorpion's attack.
The emperor scorpion claws you but does no damage.
The emperor scorpion barely misses you. The wolf spider hits you!
* * * LOW HITPOINT WARNING * * *
The wolf spider bites you but does no damage.
As you read the scroll of summoning, it crumbles to dust.
Wisps of shadow whirl around you...
You feel sick.
The wolf spider hits you but does no damage.
The wolf spider bites you.
* * * LOW HITPOINT WARNING * * *
The emperor scorpion stings you!
* * * LOW HITPOINT WARNING * * *
You block the emperor scorpion's attack.
The emperor scorpion claws you!
* * * LOW HITPOINT WARNING * * *
The wolf spider completely misses you. The wolf spider closely misses you.
The emperor scorpion stings you!!
You die...

^........##### ##...#
...#..#......# #...##
.##...#.....## ##..# ####
.^##.#####...# #...###..#
#.#### #<..## #....##..## ###
###..### ##...##..).#
#.#....####y......####
#^....##s†..##....^#
#####.#.....^@..#>.####
####.#####.....ss#.##..#
#.#.>##..#..########.!##
..##..#..#..#......##..##
........#####......#.[.^#####
##......#...#...#.##..#..^#.#
##.##...#..##...###...#.....#
####..........#.^.##..####..#
# ##..^.#.......##^...##...#


You could see an emperor scorpion (berserk, corroded, ally target), a wolf
spider (berserk, extremely poisoned, ally target), a friendly moth of wrath
(summoned) and a friendly tarantella (summoned).

Vanquished Creatures
  The ghost of Troll the Fencer, an adept DsGl of Okawaru (Spider:2)
  Aizul (Spider:1)
  An emperor scorpion (Spider:2)
  An orc warlord (Orc:2)
  A ghost moth (Spider:1)
  A broodmother (Spider:3)
  2 entropy weavers
  A fire dragon (D:13)
  3 hydras
  3 ice dragons
  4 vault guards (D:13)
  A radroach (Spider:4)
  A catoblepas (Lair:5)
  8 boulder beetles
  Harold (Orc:1)
  4 ogre magi
  8 centaur warriors
  A death yak (D:12)
  18 two-headed ogres
  An orc high priest (D:9)
  A tengu warrior (D:13)
  3 thrashing horrors (Lair:6)
  Sonja (Orc:2)
  3 pharaoh ants
  3 skeletal warriors
  2 deep trolls (Orc:1)
  4 orb spiders
  2 sun moths
  A deep elf archer (D:13)
  4 steelbarb worms
  6 lindwurms
  6 deep elf pyromancers
  4 orc sorcerers
  6 ugly things
  12 wolf spiders
  2 manticores
  A moth of wrath (Spider:3)
  9 cyclopes
  14 elephants
  4 black mambas
  A torpor snail (Spider:2)
  A black mamba (shapeshifter) (Lair:6)
  2 smoke demons
  6 gargoyles
  5 rime drakes
  Maggie (Lair:1)
  6 cane toads
  An unseen horror (D:11)
  4 efreet (D:13)
  A tengu conjurer (D:13)
  2 ice devils (D:12)
  A yaktaur (shapeshifter) (Lair:6)
  4 demonic crawlers
  10 komodo dragons
  A queen bee (shapeshifter) (D:13)
  3 ancient zymes (Lair:6)
  A queen bee (D:9)
  A meliai (D:13)
  6 polar bears
  12 tarantellas
  Prince Ribbit (Lair:2)
  2 hornets
  6 slime creatures
  A raiju (shapeshifter) (Lair:6)
  9 trolls
  6 dream sheep (Lair:6)
  8 small abominations (Lair:6)
  22 blink frogs
  12 jumping spiders
  A wraith (D:9)
  16 culicivoras
  2 wyverns
  39 yaks
  2 water elementals
  A ynoxinul (Lair:6)
  11 vampire mosquitoes
  9 basilisks
  A chaos spawn (Lair:6)
  28 redbacks
  4 steam dragons
  3 large abominations (Lair:6)
  3 wargs
  14 water moccasins
  2 acid dragons
  A floating eye (Bailey)
  3 black bears
  2 ice beasts
  22 orc warriors
  A sky beast (D:7)
  28 ogres
  4 wolves
  15 centaurs
  A kobold brigand (D:11)
  16 bullfrogs
  4 scorpions (Lair:3)
  A necrophage (D:6)
  A gnoll sergeant (D:12)
  5 wights
  23 killer bees
  12 electric eels
  6 howler monkeys
  A lava snake (D:7)
  8 orc priests
  A jelly (D:5)
  7 hounds
  An iguana (Bailey)
  8 orc wizards
  2 polar bear simulacra (D:12)
  A spriggan simulacrum (D:12)
  5 adders
  7 gnolls
  A shadow imp (D:7)
  3 white imps
  2 ufetubi
  3 worms
  76 orcs
  5 bats
  4 endoplasms
  10 giant cockroaches
  5 goblins
  3 hobgoblins
  2 jackals (D:1)
  3 quokkas
  6 ball pythons
  3 frilled lizards
  16 kobolds
  A rat (D:2)
751 creatures vanquished.

Vanquished Creatures (collateral kills)
  A pharaoh ant (Spider:4)
  An orb spider (Spider:4)
  A wolf spider (Spider:4)
  A demonic crawler (Spider:4)
  2 jumping spiders (Spider:4)
  4 killer bees (D:9)
10 creatures vanquished.

Vanquished Creatures (others)
  8 fungi
  7 plants
15 creatures vanquished.

Grand Total: 776 creatures vanquished

Notes
Turn   | Place    | Note
-------+----------+-------------------------------------------
     0 | D:1      | Majang the Tengu Berserker began the quest for the Orb.
     0 | D:1      | Reached XP level 1. HP: 14/14 MP: 2/2
   127 | D:1      | Reached XP level 2. HP: 19/19 MP: 3/3
   328 | D:1      | Reached skill level 4 in Long Blades
   900 | D:1      | Reached XP level 3. HP: 23/23 MP: 4/4
   979 | D:2      | Found a faded altar of an unknown god.
  1069 | D:2      | Identified the +2 leather armour of Indemnity {Int+3}
  1214 | D:2      | Reached ** piety under Trog
  1312 | D:2      | Reached XP level 4. HP: 28/28 MP: 5/5
  1335 | D:2      | Found a shimmering altar of Xom.
  1822 | D:3      | Found a basalt altar of Yredelemnul.
  1990 | D:3      | Reached skill level 5 in Long Blades
  2465 | D:3      | Gained mutation: Your magical nature lets you fly swiftly
                  | and evasively. [Tengu growth]
  2465 | D:3      | Reached XP level 5. HP: 26/33 MP: 6/6
  2617 | D:4      | Identified a scroll of acquirement
  2617 | D:4      | Acquired a +5 double sword of distortion
  2923 | D:4      | Found a broken altar of Ashenzari.
  3047 | D:4      | Reached skill level 1 in Stealth
  3047 | D:4      | Reached skill level 1 in Evocations
  3049 | D:4      | Reached XP level 6. HP: 26/38 MP: 7/7
  3242 | D:5      | Entered Level 5 of the Dungeon
  3401 | D:5      | Noticed a water moccasin
  3405 | D:5      | Killed a water moccasin
  3644 | D:5      | Reached skill level 6 in Long Blades
  3644 | D:5      | Reached XP level 7. HP: 32/44 MP: 5/8
  4464 | D:6      | Reached XP level 8. HP: 48/48 MP: 9/9
  4672 | D:6      | Found a sparkling altar of Nemelex Xobeh.
  5124 | D:7      | Reached skill level 7 in Long Blades
  5138 | D:7      | Reached skill level 5 in Fighting
  5472 | D:7      | Noticed a hornet
  5473 | D:7      | Noticed a gargoyle
  5486 | D:7      | Killed a gargoyle
  5486 | D:7      | Reached *** piety under Trog
  5487 | D:7      | Reached skill level 8 in Long Blades
  5487 | D:7      | Reached XP level 9. HP: 7/54 MP: 2/10
  5494 | D:7      | Gained mutation: Your muscles are strong. (Str +2) [potion
                  | of mutation]
  5494 | D:7      | Gained mutation: Potions are less effective at restoring
                  | your health. [potion of mutation]
  5494 | D:7      | Gained mutation: You are partially covered in iridescent
                  | scales. (AC +2) [potion of mutation]
  5772 | D:7      | Killed a hornet
  5773 | D:7      | Reached skill level 5 in Armour
  5773 | D:7      | Reached skill level 5 in Dodging
  5923 | D:7      | Identified the +4 hand axe of Parts Unknown {antimagic,
                  | *Rage rPois Str+3}
  6341 | D:7      | Found a staircase to the Ecumenical Temple.
  6349 | Temple   | Entered the Ecumenical Temple
  6590 | D:7      | Noticed a troll
  6600 | D:7      | Noticed a gargoyle
  6611 | D:7      | Killed a troll
  6629 | D:7      | Reached skill level 9 in Long Blades
  6633 | D:7      | Killed a gargoyle
  6634 | D:7      | Reached skill level 5 in Stealth
  7034 | D:8      | Reached XP level 10. HP: 60/60 MP: 11/11
  7045 | D:8      | Noticed a two-headed ogre
  7067 | D:8      | Killed a two-headed ogre
  7068 | D:8      | Reached skill level 5 in Evocations
  7199 | D:8      | Found an ancient bone altar of Kikubaaqudgha.
  7199 | D:8      | Found an ornate altar of the Wu Jian Council.
  7712 | D:9      | Reached skill level 10 in Long Blades
  7839 | D:9      | Reached **** piety under Trog
  7963 | D:9      | Found a hide-covered altar of Uskayaw.
  7963 | D:9      | Found a blossoming altar of Fedhas.
  7964 | D:9      | Found a radiant altar of Vehumet.
  8010 | D:9      | Found the +18 Lear's hauberk
  8030 | D:9      | Found a white marble altar of Elyvilon.
  8098 | D:9      | Found an opulent altar of Gozag.
  8138 | D:9      | Noticed a two-headed ogre
  8144 | D:9      | Killed a two-headed ogre
  8262 | D:9      | Found a staircase to the Orcish Mines.
  8509 | D:9      | Reached XP level 11. HP: 68/68 MP: 12/12
  8531 | D:10     | Entered Level 10 of the Dungeon
  8694 | D:10     | Found a flagged portal.
  8710 | Bailey   | Entered a bailey
  8988 | Bailey   | Noticed an orc knight
  8989 | Bailey   | Noticed an orc knight
  9017 | Bailey   | an orc knight changed into an elephant
  9222 | Bailey   | an orc knight changed into a floating eye
 10176 | D:10     | Found a glowing golden altar of the Shining One.
 10176 | D:10     | Found a snail-covered altar of Cheibriados.
 10259 | D:10     | Noticed a lindwurm
 10261 | D:10     | Noticed a lindwurm
 10263 | D:10     | Noticed a lindwurm
 10263 | D:10     | Noticed a lindwurm
 10266 | D:10     | Killed a lindwurm
 10267 | D:10     | Reached skill level 11 in Long Blades
 10554 | D:10     | Killed a lindwurm
 10557 | D:10     | Killed a lindwurm
 10563 | D:10     | Killed a lindwurm
 10724 | D:11     | Found a staircase to the Lair.
 10985 | D:11     | Noticed a manticore
 10991 | D:11     | Killed a manticore
 11035 | D:11     | Reached ***** piety under Trog
 11472 | D:12     | Noticed a purple ugly thing
 11487 | D:12     | Killed a purple ugly thing
 11488 | D:12     | Reached XP level 12. HP: 57/76 MP: 10/13
 11806 | D:12     | Reached skill level 12 in Long Blades
 12366 | D:12     | Noticed an ice dragon
 12367 | D:12     | Noticed a death yak
 12984 | D:12     | Killed an ice dragon
 13116 | D:12     | Killed a death yak
 13129 | D:12     | Reached skill level 10 in Fighting
 13190 | D:12     | Identified the ring "Jucus" {rCorr Stlth+}
 13424 | Orc:1    | Entered Level 1 of the Orcish Mines
 13424 | Orc:1    | Noticed an orc high priest
 13458 | D:9      | Killed an orc high priest
 13755 | Orc:1    | Noticed Harold
 13765 | Orc:1    | Killed Harold
 13872 | Orc:2    | Entered Level 2 of the Orcish Mines
 13887 | Orc:2    | Noticed a two-headed ogre
 13888 | Orc:2    | Found Jymozau's Antique Weapon Emporium.
 13888 | Orc:2    | Noticed a two-headed ogre
 13889 | Orc:2    | Noticed a two-headed ogre
 13890 | Orc:2    | Found Gafauh's Weapon Boutique.
 13897 | Orc:2    | Noticed a two-headed ogre
 13899 | Orc:2    | Noticed a two-headed ogre
 13904 | Orc:1    | Killed a two-headed ogre
 13916 | Orc:1    | Killed a two-headed ogre
 13919 | Orc:1    | Killed a two-headed ogre
 13920 | Orc:1    | Reached skill level 13 in Long Blades
 13920 | Orc:1    | Reached XP level 13. HP: 83/83 MP: 14/14
 14095 | Orc:2    | Paralysed by an orc sorcerer for 2 turns
 14461 | Orc:2    | Found Daqunu's Assorted Antiques.
 14475 | Orc:2    | Found Wipef's Magic Scroll Boutique.
 14498 | Orc:2    | Bought a tapered copper wand for 120 gold pieces
 14526 | Orc:1    | Paralysed by an orc sorcerer for 5 turns
 14761 | Orc:1    | Received a gift from Trog
 15160 | Orc:2    | Found a staircase to the Elven Halls.
 15227 | Orc:2    | Noticed Sonja
 15235 | Orc:2    | Killed Sonja
 15268 | Orc:2    | Reached skill level 1 in Crossbows
 15360 | Orc:2    | Noticed an orc warlord
 15381 | Orc:2    | Killed an orc warlord
 15382 | Orc:2    | Reached skill level 14 in Long Blades
 15653 | Orc:2    | Bought a scroll of poison for 56 gold pieces
 15653 | Orc:2    | Bought a scroll of fog for 32 gold pieces
 15653 | Orc:2    | Bought a scroll of blinking for 120 gold pieces
 15653 | Orc:2    | Bought a scroll of immolation for 56 gold pieces
 15653 | Orc:2    | Bought a scroll of magic mapping for 56 gold pieces
 15653 | Orc:2    | Bought a scroll of teleportation for 48 gold pieces
 15669 | Orc:2    | Bought a scroll of teleportation for 90 gold pieces
 15669 | Orc:2    | Bought a potion of ambrosia for 240 gold pieces
 15669 | Orc:2    | Bought a scroll of blinking for 225 gold pieces
 15669 | Orc:2    | Bought a potion of resistance for 300 gold pieces
 15669 | Orc:2    | Bought a wand of digging (4) for 240 gold pieces
 15748 | Lair:1   | Entered Level 1 of the Lair of Beasts
 15919 | D:13     | Reached XP level 14. HP: 83/91 MP: 7/15
 16538 | Lair:1   | Found a radiant altar of Vehumet.
 16685 | Lair:1   | Noticed Maggie
 16694 | Lair:1   | Killed Maggie
 17186 | Lair:2   | Reached skill level 10 in Armour
 17350 | Lair:2   | Reached ****** piety under Trog
 17458 | Lair:2   | Noticed Prince Ribbit
 17476 | Lair:2   | Killed Prince Ribbit
 17594 | Lair:2   | Found a staircase to the Shoals.
 17760 | Lair:2   | Reached skill level 10 in Dodging
 18347 | Lair:3   | Found a hole to the Spider Nest.
 18729 | Lair:3   | Reached skill level 5 in Crossbows
 18892 | Lair:4   | Received a gift from Trog
 19286 | Lair:4   | Reached skill level 10 in Stealth
 19657 | Lair:5   | Reached skill level 15 in Long Blades
 19657 | Lair:5   | Reached XP level 15. HP: 97/97 MP: 16/16
 19711 | Lair:5   | Found a viscous altar of Jiyva.
 19711 | Lair:5   | Found a staircase to the Slime Pits.
 20182 | Lair:6   | Entered Level 6 of the Lair of Beasts
 20779 | Lair:6   | Found a transporter.
 20810 | Lair:6   | Found a transporter.
 20813 | Lair:6   | Found a one-way gate to the infinite horrors of the Abyss.
 20813 | Lair:6   | Noticed Waatremm's ghost (journeyman DDNe)
 21215 | Lair:6   | Received a gift from Trog
 21254 | Lair:6   | Identified the +2 ring mail of the Blue Moon {Drain Will+
                  | Str+4}
 21277 | Lair:6   | Identified the +2 quarterstaff of Untimely Demise {vorpal,
                  | Str+2}
 21594 | Lair:6   | Found a corrupted altar of Lugonu.
 21892 | Orc:2    | Bought a runed arbalest for 202 gold pieces
 22209 | D:13     | Found a gate to the Vaults.
 22468 | D:13     | Found the +7 great mace "Firestarter" {inner flame, rF++}
 23380 | D:14     | Received a gift from Trog
 23521 | D:15     | Entered Level 15 of the Dungeon
 23726 | D:14     | Reached XP level 16. HP: 105/105 MP: 17/17
 23739 | D:15     | Reached skill level 16 in Long Blades
 23764 | D:15     | Paralysed by something for 4 turns
 23770 | D:15     | Reached skill level 10 in Evocations
 23989 | D:15     | Found a shimmering blue altar of Sif Muna.
 24233 | D:15     | Found a staircase to the Depths.
 24864 | Lair:1   | Upgraded the game from 0.29-a0-410-g9596d59a08 to
                  | 0.29-a0-414-g5075937ec3
 24939 | Spider:1 | Entered Level 1 of the Spider Nest
 25054 | Spider:1 | Noticed Aizul
 25068 | Spider:1 | Killed Aizul
 25236 | Spider:1 | Received a gift from Trog
 25427 | Spider:1 | HP: 4/106 [boulder beetle (42)]
 26385 | Spider:2 | Found a runed translucent door.
 26385 | Spider:2 | Noticed Troll's ghost (adept DsGl)
 26403 | Spider:2 | Killed Troll's ghost
 26861 | Spider:2 | Reached skill level 10 in Crossbows
 27290 | Spider:2 | Received a gift from Trog
 27638 | Spider:3 | Identified the +1 cloak of the Okapi {Int+9 Stlth+}
 27829 | Spider:3 | Reached XP level 17. HP: 85/112 MP: 18/18
 28335 | Spider:4 | Entered Level 4 of the Spider Nest
 28661 | Spider:4 | Found a frozen archway.
 28682 | Spider:4 | Reached skill level 17 in Long Blades
 29048 | Spider:3 | Annihilated by an emperor scorpion

Illustrated notes

Levels and vault maps discovered:
D:1:      wheals_arrival_linesprint, layout_basic
D:2:      layout_loops_ring, shapermc_ecumenical_altar_ellora, basic_altar,
          minmay_joined_circles
D:3:      layout_basic, mainiacjoe_overflow_small_starburst,
          kennysheep_another_room
D:4:      layout_rooms, ashenzari_conservatory_becter, minmay_distorted
D:5:      nicolae_BIG_FREAKIN_CUBE, layout_basic
D:6:      layout_basic, mainiacjoe_overflow_six_doors_small, minivault_5
D:7:      minmay_chambers_of_sixes, layout_loops_ring,
          minmay_temple_entry_enclosed_plants, nicolae_lava_and_water,
          dk_vineyard_3, grunt_potential
D:8:      layout_basic, gammafunk_temple_overflow_pools
D:9:      layout_roguey [special_room_bee], nicolae_elyvilon_peaceful_grove,
          gammafunk_temple_overflow_claw, grunt_gozag_statues
D:10:     layout_layer_cave, gammafunk_temple_overflow_wave, enter_bailey_6,
          minmay_lindwurm_lava
D:11:     layout_gridville, erik_lair_island
D:12:     dreamdust_isle_of_ice, layout_basic, minivault_11,
          corexii_leaking_fountain
D:13:     minmay_firetagon, layout_cave_pools, lightli_vaults_fourway_checkpoint
D:14:     layout_roguey [special_room_orc]
D:15:     grunt_enter_depths_hoard, layout_small_grid, led_sif_pool
Temple:   jpeg_temple_alley_garden
Lair:1:   layout_roguey, basic_altar, hibernation_bobbens, uniq_maggie
Lair:2:   hellmonk_destroyed_diamonds, layout_regular_city,
          elwin_shoals_entry_rooms, uniq_prince_ribbit2
Lair:3:   layout_regular_city, nicolae_spider_entry_non_spiders
Lair:4:   layout_roguey, serial_bayou_lagoon_a, chequers_serial_rivers_room_b
Lair:5:   layout_long_grid, slime_altar_1
Lair:6:   hellmonk_lair_end_abyssal_woods, layout_cave_pods,
          gammafunk_ghost_abyssal_escape, lemuel_fruit_tree
Spider:1: layout_spider_delve, nicolae_spider_eight_legs, uniq_aizul
Spider:2: layout_spider_delve, gammafunk_ghost_grave, nicolae_spider_cling_halls
Spider:3: layout_spider_delve
Spider:4: grunt_spider_rune_circles, portal_ice_cave_entry_ice_statue_one
Orc:1:    layout_caves, uniq_harold
Orc:2:    st_orc_open, layout_caves, special_room, minmay_orc_barracks,
          uniq_sonja

Skill      XL: |  1  2  3  4  5  6  7  8  9 10 11 12 13 14 15 16 17 |
---------------+----------------------------------------------------+-----
Long Blades    | 4 5 6 8 9 10 11 13 14 15 16 17 | 17.1
Fighting       | 4 5 6 7 9 10 11 12 13 14 | 14.8
Stealth        | 1 2 4 5 6 7 8 9 10 | 10.0
Evocations     | 1 2 3 4 5 6 7 8 9 10 | 10.7
Armour         | 3 4 5 6 7 8 9 10 11 12 | 12.0
Dodging        | 3 4 5 6 7 8 9 10 11 | 11.9
Crossbows      | 2 5 8 10 | 10.6

Action                   |  1- 3 |  4- 6 |  7- 9 | 10-12 | 13-15 | 16-18 || total
-------------------------+-------+-------+-------+-------+-------+-------++-------
Melee: Falchion          |    79 |    36 |       |       |       |       ||   115
       Kick              |    15 |    15 |    20 |   114 |   390 |   164 ||   718
       Peck              |     7 |     5 |    15 |    70 |   236 |    91 ||   424
       Punch             |       |     1 |     1 |     3 |     9 |    10 ||    24
       Double sword      |       |    22 |    97 |   372 |   954 |   343 ||  1788
       Great sword       |       |       |       |       |    10 |    18 ||    28
       Scimitar          |       |       |       |       |     5 |       ||     5
 Fire: Arbalest          |       |       |       |       |     9 |    87 ||    96
Invok: Berserk           |       |     1 |       |     1 |     1 |     2 ||     5
Evoke: Wand              |       |       |       |    36 |     8 |     9 ||    53
       Condenser vane    |       |       |       |       |     1 |     2 ||     3
  Use: Scroll            |       |    16 |     7 |    10 |     8 |    10 ||    51
       Potion            |       |       |     3 |       |       |     4 ||     7
 Stab: Sleeping          |       |     2 |     5 |     7 |    22 |     1 ||    37
       Distracted        |       |     1 |       |     2 |     4 |       ||     7
       Paralysed         |       |       |       |       |     2 |       ||     2
       Confused          |       |       |       |       |     3 |       ||     3
       Petrified         |       |       |       |       |     2 |       ||     2
Armor: Animal skin       |    19 |       |       |       |       |       ||    19
       Leather armour    |    14 |    21 |    24 |       |       |       ||    59
       Chain mail        |     1 |       |       |       |       |       ||     1
       Steam dragon scal |       |       |     2 |    90 |       |       ||    92
       Ice dragon scales |       |       |       |     8 |       |       ||     8
       Troll leather arm |       |       |       |       |   167 |    17 ||   184
       Fire dragon scale |       |       |       |       |     7 |       ||     7
       Plate armour      |       |       |       |       |       |   143 ||   143
Dodge: Dodged            |    63 |    29 |    78 |   509 |   927 |   339 ||  1945
Block: Other             |       |       |       |       |    17 |   107 ||   124
       Reflection        |       |       |       |       |     4 |     3 ||     7

Table legend: (Time is in decaauts)
 A = Elapsed time spent in this place.
 B = Non-inter-level travel time spent in this place.
 C = Inter-level travel time spent in this place.
 D = Time resting spent in this place.
 E = Time spent auto-exploring this place.
 F = Levels seen in this place.
 G = Mean time per level.
                   A        B        C        D        E       F      G
               +--------+--------+--------+--------+--------+-----+--------+
         Total |  27170 |  24743 |   2427 |   6522 |   8173 |  29 |  936.9 |
       Dungeon |  15618 |  14174 |   1444 |   3742 |   5578 |  15 | 1041.2 |
        Temple |     72 |     72 |      0 |      0 |      0 |   1 |   72.0 |
          Lair |   5339 |   4706 |    633 |    472 |   1670 |   6 |  889.8 |
   Spider Nest |   3568 |   3351 |    217 |   1543 |    301 |   4 |  892.0 |
  Orcish Mines |   1786 |   1654 |    132 |    439 |    584 |   2 |  893.0 |
        Bailey |    784 |    784 |      0 |    325 |     37 |   1 |  784.0 |
               +--------+--------+--------+--------+--------+-----+--------+

Top non-repeatable levels by time:
    D:12: 1982 daAuts
    D:10: 1424 daAuts
  Lair:6: 1378 daAuts
Spider:3: 1355 daAuts
Spider:2: 1289 daAuts
     D:6: 1254 daAuts
    D:13: 1241 daAuts
     D:9: 1148 daAuts
     D:7: 1097 daAuts
   Orc:1: 1057 daAuts
  Lair:3: 1041 daAuts
    D:15: 1019 daAuts
     D:1: 932 daAuts
     D:5: 875 daAuts
    D:11: 874 daAuts
